 Dungeon Crawl Stone Soup version 0.27.1-33-g824d729ab1 (webtiles) character file.

Game seed: 5078496720746343781

10747 Fallenstar the Cleaver (level 11, -4/87 HPs)
             Began as a Minotaur Fighter on Dec 18, 2021.
             Was an Elder of Hepliaklqana.
             Killed from afar by a wretched star (13 damage)
             ... with a lance of force
             ... on level 2 of the Abyss on Dec 20, 2021.
             The game lasted 00:50:26 (10206 turns).

Fallenstar the Cleaver (Minotaur Fighter)          Turns: 10206, Time: 00:50:28

Health: -4/87      AC: 19    Str: 20    XL:     11   Next: 40%
Magic:  0/10       EV: 11    Int:  1    God:    Hepliaklqana [****..]
Gold:   612        SH:  0    Dex: 10    Spells: 10/10 levels left

rFire    . . .     SeeInvis .   a - +3 war axe (drain)
rCold    . . .     Faith    .   c - +0 kite shield
rNeg     . . .     Spirit   +   D - +2 plate armour
rPois    .         Reflect  .   (helmet restricted)
rElec    .         Harm     .   (no cloak)
rCorr    .         Rampage  .   i - +0 pair of gloves
Will     .....                  y - +0 pair of boots
Stlth    ..........             r - amulet of guardian spirit
HPRegen  0.24/turn              n - +4 ring of slaying
MPRegen  0.12/turn              d - +4 ring of evasion

@: confused
A: reduced essence, horns 2, retaliatory headbutt, [dopey 2], [weak 2], [subdued
magic 2]
a: Renounce Religion, Recall Ancestor, Ancestor Identity, Transference, Idealise


You were on level 2 of the Abyss.
You worshipped Hepliaklqana.
Hepliaklqana was greatly pleased with you.
You visited 2 branches of the dungeon, and saw 11 of its levels.
You visited the Abyss 1 time.

You collected 612 gold pieces.

Inventory:

Hand Weapons
 a - a +3 war axe of draining (weapon)
 C - a +4 battleaxe
Armour
 c - a +0 kite shield (worn)
 i - a +0 pair of gloves (worn)
 y - a +0 pair of boots (worn)
 D - a +2 plate armour (worn)
Jewellery
 d - a +4 ring of evasion (right hand)
 j - a ring of ice
 n - a +4 ring of slaying (left hand)
 r - an amulet of guardian spirit (around neck)
 t - an amulet of the acrobat
 u - the ring of Witequ {Fire Fly rN+ Int+2}
   (You found it on level 5 of the Dungeon)

   [ring of fire]

   It enhances your fire magic.
   Int:       It affects your intelligence (+2).
   rF:        It protects you from fire.
   rC:        It makes you vulnerable to cold.
   rN:        It protects you from negative energy.
   Fly:       It grants you flight.
 w - a ring of ice
Wands
 b - a wand of mindburst (13)
 k - a wand of charming (12)
 A - a wand of iceblast (6)
 B - a wand of paralysis (12)
Scrolls
 g - 2 scrolls of immolation
 h - 5 scrolls of teleportation
 l - 2 scrolls of fear
 m - a scroll of identify
 p - a scroll of fog {unknown}
 E - a scroll of brand weapon
 G - a scroll of noise {unknown}
 J - a scroll of blinking {unknown}
 K - 2 scrolls of magic mapping {unknown}
 L - 2 scrolls of torment {unknown}
Potions
 e - 3 potions of berserk rage
 f - 7 potions of haste
 o - 2 potions of magic
 q - a potion of flight {unknown}
 s - a potion of resistance {unknown}
 v - a potion of attraction {unknown}
 x - a potion of invisibility {unknown}
 F - a potion of brilliance {unknown}
 H - 2 potions of lignification


   Skills:
 + Level 9.4 Fighting
 + Level 13.4 Axes
 + Level 9.8 Armour
 + Level 5.0 Dodging
 + Level 2.9 Stealth
 + Level 9.5 Shields


You had 10 spell levels left.
You didn't know any spells.
Your spell library contained the following spells:

 Spells                   Type           Power      Damage    Failure   Level
 Sandblast                Erth           0%         2d4       100%        1
 Summon Small Mammal      Summ           0%         N/A       100%        1
 Passwall                 Tmut/Erth      0%         N/A       100%        2
 Call Canine Familiar     Summ           0%         N/A       100%        3
 Summon Guardian Golem    Hex/Summ       0%         N/A       100%        3
 Lee's Rapid Deconstruct  Erth           0%         3d5*      100%        5


Dungeon Overview and Level Annotations

Branches:
Dungeon (10/15)            Temple (1/1) D:5            Lair (0/6) D:9
    Orc (0/2) D:9

Altars:
Ashenzari
Cheibriados
Dithmenos
Elyvilon
Fedhas
Gozag
Hepliaklqana
Kikubaaqudgha
Makhleb
Nemelex Xobeh
Okawaru
Qazlal
Ru
Sif Muna
Trog
Uskayaw
Vehumet
Wu Jian
Xom
Yredelemnul
Zin
The Shining One
Lugonu

Shops:
D:4 *   D:8 =

Annotations:
D:10 Sonja


Innate Abilities, Weirdness & Mutations

Your life essence is reduced to manifest your ancestor. (-10% HP)
You have a pair of horns on your head.
You reflexively headbutt those who attack you in melee.
[You are very dopey. (Int -4)]
[You are very weak. (Str -4)]
[Your spells are easier to cast, but less powerful.]


Message History

The ufetubus barely misses you. x2; The raiju bites you but does no damage.
Tentacles burst from the starspawn's body!
The large abomination hits you but does no damage.
A spatial vortex comes into view. 2 starspawn tentacles come into view.
You're too confused to move!
The ufetubus barely misses you. The ufetubus closely misses you.
The wight hits you but does no damage. The raiju barely misses you.
Unknown command.
You hit the wretched star but do no damage.
The wretched star is moderately damaged.
You slash the ynoxinul! You barely miss the raiju.
You barely miss the large abomination. You hit the ufetubus.
You slash the wight!
You destroy the wight!
The ufetubus closely misses you. x2; The raiju bites you but does no damage.
The wretched star glows turbulently.
The lance of force misses you.
The lance of force hits the ufetubus!!
The ufetubus dies!
The ufetubus disappears in a puff of smoke!
The large abomination hits you but does no damage.
The starspawn tentacle grabs you. The starspawn tentacle constricts you.
Unknown command.
Unknown command.
You're too confused to move!
The ynoxinul gestures.
The wight hits you but does no damage. The raiju bites you!
The raiju shocks you!
* * * LOW HITPOINT WARNING * * *
The starspawn tentacle loses its grip on you.
The tentacle pulls you backwards!
The large abomination hits you but does no damage.
The ynoxinul barely misses you.
The raiju bursts into living lightning!
The living lightning hits you!
* * * LOW HITPOINT WARNING * * *
The raiju blinks!
The wight closely misses you.
The wretched star glows turbulently.
The lance of force hits you!
You die...

#..## .... ..
.... ...... #
#..# ..... #
##..##.......
#..w.........
#wX.x........
#. ###5z# .. ..
. .#X@##5......
..#..h3*h5....
. §X .
#†5.45h5.....#
.
..#.##.5##.....
# .... ##.#..#
....... #.
...... .....}$
( ..##.........
#.##.# ... ....
. # ## ####..
..


You could see a tentacled starspawn, a wretched star, a large abomination, 3
raiju, a ynoxinul, a chaos spawn, a small abomination, 2 starspawn tentacles, a
wight and 6 ufetubi.

Vanquished Creatures
  An apocalypse crab (Abyss:2)
  An elephant (D:9)
  A red devil (Abyss:2)
  Prince Ribbit (D:6)
  4 blink frogs (Abyss:2)
  2 wyverns
  Eustachio (Temple)
  13 yaks
  6 golden eyes (Abyss:2)
  2 basilisks (D:9)
  Duvessa (D:5)
  3 water moccasins
  5 orc warriors
  A hornet zombie (D:6)
  A sky beast (D:6)
  2 black bears
  3 necrophages (D:8)
  3 centaurs
  A kobold brigand (D:7)
  3 bullfrogs
  The ghost of EWolf27 the Sneak, an amateur SpEn (D:3)
  2 wyvern zombies (D:8)
  Dowan (D:5)
  A water moccasin skeleton (D:3)
  12 wights
  18 killer bees
  4 howler monkeys
  3 centaur zombies
  4 hounds
  2 orc priests (D:9)
  A bullfrog zombie (D:6)
  A gnoll shaman (Temple)
  A jelly (D:7)
  A bullfrog skeleton (D:3)
  A centaur skeleton (D:3)
  An iguana (D:4)
  7 orc wizards
  A mummy (D:8)
  A howler monkey zombie (D:8)
  10 gnolls
  A howler monkey skeleton (D:3)
  12 adders
  A shadow imp (D:7)
  A worm (D:2)
  3 dart slugs
  40 orcs
  5 bats
  3 endoplasms
  A giant cockroach (D:1)
  6 goblins
  5 hobgoblins
  4 jackals
  11 kobolds
  3 quokkas
  11 ball pythons
  A frilled lizard (D:2)
  3 rats
  A spectral kobold (D:1)
240 creatures vanquished.

Vanquished Creatures (collateral kills)
  2 yaks
  An acid dragon (D:9)
  A water moccasin (D:8)
  An orc warrior (D:9)
  A bullfrog (D:7)
  A gnoll sergeant (D:9)
  A wight (D:8)
  A centaur zombie (D:6)
  An iron imp (D:7)
  A killer bee zombie (D:8)
11 creatures vanquished.

Vanquished Creatures (others)
  A wizard (D:4)
  2 demonic plants (Temple)
  3 plants (D:3)
  2 withered plants (D:8)
8 creatures vanquished.

Grand Total: 259 creatures vanquished

Notes
Turn   | Place    | Note
-------+----------+-------------------------------------------
     0 | D:1      | Fallenstar the Minotaur Fighter began the quest for the
                  | Orb.
     0 | D:1      | Reached XP level 1. HP: 19/19 MP: 0/0
    89 | D:1      | Reached XP level 2. HP: 23/27 MP: 1/1
   141 | D:1      | Found a faded altar of an unknown god.
   767 | D:2      | Reached XP level 3. HP: 29/33 MP: 2/2
  1311 | D:2      | Reached skill level 3 in Axes
  1377 | D:2      | Reached skill level 1 in Dodging
  1516 | D:3      | Found a transporter.
  1627 | D:3      | Reached XP level 4. HP: 40/41 MP: 3/3
  1887 | D:3      | Found a transporter.
  1889 | D:3      | Noticed EWolf27's ghost (amateur SpEn)
  2021 | D:3      | Found a sacrificial altar of Ru.
  2150 | D:3      | Reached XP level 5. HP: 47/47 MP: 4/4
  2157 | D:3      | Reached skill level 5 in Fighting
  2159 | D:3      | Reached skill level 5 in Armour
  2164 | D:3      | Killed EWolf27's ghost
  2165 | D:3      | Reached skill level 4 in Axes
  2165 | D:3      | Reached XP level 6. HP: 23/56 MP: 2/5
  2643 | D:4      | Found Zin's Purification Station.
  2730 | D:4      | Found a glowing silver altar of Zin.
  2882 | D:4      | Found a shadowy altar of Dithmenos.
  2972 | D:4      | Found a bloodstained altar of Trog.
  2973 | D:4      | Noticed a wizard
  2979 | D:4      | Killed a wizard
  3099 | D:5      | Entered Level 5 of the Dungeon
  3249 | D:5      | Found a staircase to the Ecumenical Temple.
  3250 | D:5      | Noticed Eustachio
  3259 | Temple   | Entered the Ecumenical Temple
  3360 | Temple   | Became a worshipper of Hepliaklqana the Forgotten
  3389 | Temple   | Reached skill level 5 in Axes
  3835 | D:5      | Reached XP level 7. HP: 52/61 MP: 6/6
  3911 | Temple   | Killed Eustachio
  4094 | D:5      | Identified the ring of Witequ {Fire Fly rN+ Int+2}
  4170 | D:5      | Noticed Duvessa
  4172 | D:5      | Noticed Dowan
  4184 | D:5      | Killed Duvessa
  4185 | D:5      | Reached skill level 6 in Axes
  4185 | D:5      | Reached skill level 5 in Shields
  4188 | D:5      | Killed Dowan
  4428 | D:5      | Found a shimmering blue altar of Sif Muna.
  4435 | D:5      | Reached XP level 8. HP: 70/70 MP: 7/7
  4564 | D:5      | Found a sparkling altar of Nemelex Xobeh.
  4730 | D:6      | Reached * piety under Hepliaklqana
  4837 | D:6      | Found a stormy altar of Qazlal.
  4882 | D:6      | Reached skill level 7 in Axes
  4928 | D:6      | Found an ornate altar of the Wu Jian Council.
  5143 | D:6      | Noticed Prince Ribbit
  5151 | D:6      | Killed Prince Ribbit
  5152 | D:6      | Reached skill level 8 in Axes
  5309 | D:6      | Reached ** piety under Hepliaklqana
  5310 | D:6      | Remembered your ancestor Cow as a hexer
  5446 | D:6      | Reached skill level 1 in Stealth
  5582 | D:7      | Reached XP level 9. HP: 69/69 MP: 8/8
  5628 | D:7      | Reached skill level 9 in Axes
  5834 | D:7      | Reached skill level 10 in Axes
  6379 | D:7      | Found an ancient bone altar of Kikubaaqudgha.
  6514 | D:7      | Found a snail-covered altar of Cheibriados.
  7177 | D:8      | Found Tuogur's Jewellery Shop.
  7183 | D:8      | Reached XP level 10. HP: 77/77 MP: 9/9
  7270 | D:8      | Reached skill level 11 in Axes
  7506 | D:8      | Reached *** piety under Hepliaklqana
  8267 | D:9      | Reached skill level 12 in Axes
  8271 | D:9      | Noticed an elephant
  8274 | D:9      | Reached skill level 5 in Dodging
  8282 | D:9      | Killed an elephant
  8459 | D:9      | Found a staircase to the Lair.
  8660 | D:9      | Reached XP level 11. HP: 74/85 MP: 6/10
  9416 | D:9      | Found a staircase to the Orcish Mines.
  9765 | D:10     | Entered Level 10 of the Dungeon
  9766 | D:10     | Found a glowing golden altar of the Shining One.
  9770 | D:10     | Found a burning altar of Makhleb.
  9871 | D:10     | Reached **** piety under Hepliaklqana
  9875 | D:10     | Found an iron altar of Okawaru.
 10020 | D:10     | Noticed Sonja
 10023 | D:10     | Cast into level 2 of the Abyss (Sonja)
 10065 | Abyss:2  | Reached skill level 13 in Axes
 10182 | Abyss:2  | Noticed a wretched star
 10199 | Abyss:2  | Noticed a tentacled starspawn
 10206 | Abyss:2  | Killed from afar by a wretched star

Illustrated notes

Levels and vault maps discovered:
D:1:      dpeg_arrival_pits, layout_rooms,
          dreamdust_ecumenical_altar_drowned_temple,
          chequers_serial_rivers_small_3, dk_noncrumbling_2,
          chequers_serial_rivers_micro_d
D:2:      layout_basic, minmay_misc_feat_secret_circle, grunt_decor_mini_mirrors
D:3:      layout_loops_ring, mainiacjoe_overflow_chevrons,
          gammafunk_ghost_mausoleum
D:4:      layout_basic, mainiacjoe_overflow_brackets, zin_purify, trog_wizard
D:5:      layout_loops_cross, kennysheep_orc_sif_temple,
          mainiacjoe_overflow_alcove_1, minmay_temple_entry_waves, uniq_duvessa,
          uniq_eustachio
D:6:      layout_basic, nicolae_wu_jian_wuxing_cycle, grunt_qazlal_sundering,
          uniq_prince_ribbit1
D:7:      layout_basic, marbit_many_paths, slow_altar_2
D:8:      layout_cave_pods, serial_shops, shop, serial_undead, serial_undead_f,
          serial_undead_b, serial_undead_d, serial_undead_e, serial_undead_f,
          serial_undead_e, serial_undead_d, serial_undead_c, st_stairs_1,
          nrook_campfire
D:9:      layout_loops_cross, david_lair_generic, david_orc_4
D:10:     layout_loops_ring, mainiacjoe_overflow_catwalk_spiral,
          okawaru_gym_becter, uniq_sonja
Temple:   kb_corrupted_temple
Abyss:2:  base: D:5, abyss_furniture_001

Skill      XL: |  1  2  3  4  5  6  7  8  9 10 11 |
---------------+----------------------------------+-----
Shields        | 4 5 6 7 8 9 |  9.5
Armour         | 4 5 6 7 8 9 |  9.8
Fighting       | 4 5 6 7 8 9 |  9.4
Axes           | 3 4 5 6 8 10 12 13 | 13.4
Dodging        | 1 2 3 4 5 |  5.0
Stealth        | 1 2 |  2.9

Action                   |  1- 3 |  4- 6 |  7- 9 | 10-12 || total
-------------------------+-------+-------+-------+-------++-------
Melee: War axe           |    88 |   101 |   179 |   193 ||   561
       Headbutt          |    12 |    15 |    40 |    37 ||   104
Invok: Ancestor Life: He |       |       |     1 |       ||     1
       Ancestor Identity |       |       |     1 |       ||     1
Evoke: Wand              |       |     1 |       |       ||     1
  Use: Potion            |       |     2 |     1 |     4 ||     7
       Scroll            |       |     6 |     3 |     8 ||    17
 Stab: Confused          |       |       |     4 |     3 ||     7
       Distracted        |       |       |       |     1 ||     1
Armor: Scale mail        |    36 |    33 |    32 |       ||   101
       Plate armour      |       |       |     1 |    78 ||    79
Dodge: Dodged            |    30 |    66 |    79 |    89 ||   264
Block: Kite shield       |    48 |    61 |   114 |    96 ||   319
